 Dungeon Crawl Stone Soup version 0.17-a0-2215-g49c1de0 (webtiles) character file.

19829 nicanaca0 the Severer (level 12, -2/112 HPs)
             Began as a Minotaur Berserker on Oct 27, 2015.
             Was a High Priest of Trog.
             Slain by an unseen horror (6 damage)
             ... on level 12 of the Dungeon.
             The game lasted 00:34:13 (12984 turns).

nicanaca0 the Severer (Minotaur Berserker)         Turns: 12984, Time: 00:34:14

Health: -2/112     AC: 18    Str: 22    XL:     12   Next: 40%
Magic:  11/11      EV:  8    Int: 10    God:    Trog [*****.]
Gold:   387        SH:  0    Dex: 15    Spells: 0 memorised, 11 levels left

rFire  + . .     SeeInvis .     Y - +7 executioner's axe "Nipp" {chop, Int+2}
rCold  . . .     Clarity  .     V - +0 plate armour
rNeg   + . .     SustAt   .     (no shield)
rPois  +         Gourm    .     R - +0 hat of Ingy Bia {rF+ MR+ Int+4} (curse)
rElec  .         Spirit   .     (no cloak)
rCorr  .         Warding  .     x - +0 pair of gloves
rMut   .         Stasis   .     f - +0 pair of boots
MR     +++..                    (no amulet)
Stlth  ..........               N - ring of poison resistance
                                k - ring of positive energy

@: regenerating, extremely resistant to hostile enchantments, extremely
unstealthy
A: retaliatory headbutt, horns 2
a: Berserk, Trog's Hand, Brothers in Arms, Burn Spellbooks, Renounce Religion


You were on level 12 of the Dungeon.
You worshipped Trog.
Trog was extremely pleased with you.
You were not hungry.

You visited 1 branch of the dungeon, and saw 12 of its levels.
You also visited: Ossuary and Bailey.

You collected 683 gold pieces.
You spent 296 gold pieces at shops.

Inventory:

Hand Weapons
 a - a +6 battleaxe of freezing
 b - a +1 dire flail of protection
 Y - the +7 executioner's axe "Nipp" (weapon) {chop, Int+2}
   (Trog gifted it to you on level 12 of the Dungeon)

   It inflicts extra damage upon your enemies.
   It affects your intelligence (+2).
Missiles
 P - a throwing net (quivered)
Armour
 f - a +0 pair of boots (worn)
 x - a +0 pair of gloves (worn)
 F - a +2 leather armour of fire resistance
 R - the cursed +0 hat of Ingy Bia (worn) {rF+ MR+ Int+4}
   (You found it on level 11 of the Dungeon)

   It affects your intelligence (+4).
   It protects you from fire.
   It affects your resistance to hostile enchantments.
   It has a curse placed upon it.
 V - a +0 plate armour (worn)
Rods
 O - a +0 rod of destruction (13/13)
   (You found it on level 5 of the Dungeon)
Jewellery
 k - a ring of positive energy (left hand)
 L - an uncursed ring of fire
 N - a ring of poison resistance (right hand)
 S - a +4 ring of protection {unknown}
 T - an uncursed ring of protection from cold {unknown}
Wands
 j - a wand of slowing (11)
 A - a wand of digging (10)
 B - a wand of polymorph (3)
Scrolls
 d - 4 scrolls of teleportation
 i - a scroll of enchant armour
 l - a scroll of fear
 p - 6 scrolls of remove curse
 q - 4 scrolls of amnesia
 w - a scroll of blinking
 y - 4 scrolls of immolation
 C - 5 scrolls of noise
 D - 3 scrolls of random uselessness {unknown}
 E - 2 scrolls of magic mapping
 K - 5 scrolls of enchant weapon
 Q - a scroll of vulnerability
 W - a scroll of recharging
 X - 2 scrolls of holy word {unknown}
Potions
 e - 8 potions of heal wounds
 g - 8 potions of curing
 n - 2 potions of degeneration {unknown}
 o - a potion of cancellation {unknown}
 r - 7 potions of agility
 s - a potion of invisibility
 t - 13 potions of poison
 u - 2 potions of might
 v - a potion of ambrosia
 z - 7 potions of flight
 G - 3 potions of mutation {unknown}
 H - 2 potions of lignification
 I - a potion of beneficial mutation
 J - 3 potions of magic {unknown}
 M - a potion of brilliance
Books
 U - a book of Dreams

   Spells                             Type                      Level
   a - Ensorcelled Hibernation        Hexes/Ice                    2
   b - Phase Shift                    Translocation                5
   c - Shadow Creatures               Summoning                    5
   d - Silence                        Hexes/Air                    5
   e - Darkness                       Hexes                        6
   f - Mass Confusion                 Hexes                        6
   Trog disapproves of the use of such an item.
Comestibles
 c - 13 bread rations
 h - 6 fruits
 m - 5 meat rations


   Skills:
 + Level 12.2 Fighting
 * Level 17.4 Axes
 + Level 11.7 Armour
 - Level 2.1 Dodging


You had 11 spell levels left.
You didn't know any spells.

Dungeon Overview and Level Annotations

Branches:
Dungeon (12/15)            Temple (0/1) D:5            Lair (0/8) D:11
    Orc (0/4) D:11

Altars:
Cheibriados
Elyvilon
Gozag
Qazlal
Sif Muna
Vehumet
Yredelemnul
Beogh

Shops:
D:4 !   D:6 (*   D:11 *!(

Annotations:
D:8 exclusion: statue


Innate Abilities, Weirdness & Mutations

You reflexively headbutt those who attack you in melee.
You have a pair of horns on your head.


Message History

Something hits you but does no damage. x2
Something hits you.
* * * LOW HITPOINT WARNING * * *
Your troll bites the skeletal warrior!!
Your troll claws the skeletal warrior.
Your troll claws the skeletal warrior!
The skeletal warrior hits your troll with a halberd.
The skeletal warrior hits you with a broad axe!
* * * LOW HITPOINT WARNING * * *
The skeletal warrior hits your troll but does no damage.
You continue eating.
Something hits you but does no damage. x3
Your troll barely misses the skeletal warrior.
Your troll claws the skeletal warrior. x2
Your troll barely misses the skeletal warrior.
Your troll claws the skeletal warrior but does no damage.
Your troll claws the skeletal warrior!
The skeletal warrior hits your troll with a halberd.
You continue eating.
Something hits you.
You die...

.....#)....##...##..+....##
.....#####'##...##..#....##
............#....+..#.....+
............+....#.!# #
............###'###+####+##
...........................
.....##+####...............
.... #.....+...>...........
... +....@#...............
.. #...zz##+######+#..... .
#...T.# #....# #.......
#....' +.....##. #....#
#.....# . +....# #......
#..... #...... ##'##. ... .


You could see 2 skeletal warriors and a friendly troll (berserk).

Vanquished Creatures
  Frances (D:12)
  The ghost of Nico3ck the Fencer, a journeyman NaBe of Trog (D:12)
  Snorg (D:11)
  A centaur warrior (D:12)
  The ghost of endege the Skirmisher, a novice TrFi of Makhleb (D:7)
  A skeletal warrior (D:12)
  An unseen horror (D:11)
  Pikel (D:4)
  An ugly thing (D:11)
  4 hill giants
  A manticore (D:11)
  A gargoyle (D:11)
  A merfolk (D:9)
  3 two-headed ogres
  Prince Ribbit (D:7)
  3 slime creatures (D:12)
  A deep elf mage (D:9)
  A wraith (D:10)
  16 yaks
  3 hungry ghosts
  Eustachio (D:5)
  4 hippogriffs
  A deep elf fighter (D:11)
  A water moccasin (D:7)
  A sky beast (D:8)
  6 ogres
  A slave (D:4)
  2 necrophages
  5 centaurs
  An ice beast (D:8)
  An eye of draining (D:12)
  2 phantoms
  3 orc warriors
  A black bear (D:9)
  A big kobold (D:12)
  3 crocodiles
  6 giant frogs
  3 scorpions
  12 killer bees
  2 centaur zombies
  An electric eel (D:11)
  7 crimson imps
  A human zombie (Ossuary)
  2 jellies
  3 hounds
  2 centaur skeletons
  14 orc wizards
  6 orc priests
  13 worker ants
  4 iguanas
  A killer bee zombie (D:9)
  A big kobold zombie (Ossuary)
  A hound skeleton (D:6)
  A hound zombie (D:5)
  4 mummies (Ossuary)
  2 worker ant zombies
  13 adders
  3 river rats
  A shadow imp (D:8)
  3 gnolls (D:11)
  12 white imps (D:12)
  An ooze (D:3)
  2 adder zombies
  2 adder skeletons
  5 worms
  5 giant geckos
  43 orcs
  A ball python (D:1)
  8 giant cockroaches
  A gnoll zombie (Ossuary)
  10 hobgoblins
  5 jackals
  14 kobolds
  4 quokkas
  15 bats
  A giant gecko zombie (D:6)
  8 giant newts
  8 goblins
  2 hobgoblin zombies (Ossuary)
  A kobold zombie (Ossuary)
  An orc zombie (Ossuary)
  A quokka skeleton (D:5)
  14 rats
348 creatures vanquished.

Vanquished Creatures (others)
  An adder (D:4)
  A ball python (D:4)
  18 fungi (D:11)
  20 plants (D:11)
40 creatures vanquished.

Grand Total: 388 creatures vanquished

Notes
Turn   | Place    | Note
--------------------------------------------------------------
     0 | D:1      | nicanaca0 the Minotaur Berserker began the quest for the Orb.
     0 | D:1      | Reached XP level 1. HP: 19/19 MP: 0/0
   211 | D:1      | Reached skill level 4 in Axes
   292 | D:1      | Reached XP level 2. HP: 23/26 MP: 1/1
  1231 | D:2      | Reached skill level 5 in Axes
  1422 | D:2      | Reached XP level 3. HP: 20/31 MP: 2/2
  2201 | D:3      | Noticed a centaur
  2218 | D:3      | Killed a centaur
  2218 | D:3      | Reached skill level 6 in Axes
  2218 | D:3      | Reached XP level 4. HP: 15/39 MP: 3/3
  2452 | D:3      | Reached ** piety under Trog
  2461 | D:3      | Reached XP level 5. HP: 33/45 MP: 4/4
  2613 | D:3      | Reached skill level 7 in Axes
  2738 | D:3      | Reached skill level 8 in Axes
  2739 | D:3      | Reached XP level 6. HP: 51/51 MP: 5/5
  2804 | D:3      | Found a faded altar to an unknown god.
  3145 | D:4      | Reached skill level 9 in Axes
  3309 | D:4      | Reached XP level 7. HP: 43/57 MP: 6/6
  3402 | D:4      | Reached *** piety under Trog
  3605 | D:4      | Noticed Pikel
  3615 | D:4      | Killed Pikel
  3615 | D:4      | Reached skill level 11 in Axes
  3615 | D:4      | Reached XP level 8. HP: 64/64 MP: 7/7
  3743 | D:4      | Found Sinoezxikk's Distillery.
  3751 | D:4      | Bought a potion of heal wounds for 70 gold pieces
  3751 | D:4      | Bought a potion of might for 56 gold pieces
  3751 | D:4      | Bought a potion of curing for 42 gold pieces
  3872 | D:5      | Entered Level 5 of the Dungeon
  3949 | D:5      | Identified a cursed +0 rod of destruction (13/13) (You found it on level 5 of the Dungeon)
  4296 | D:5      | Found a staircase to the Ecumenical Temple.
  4429 | D:5      | Found a sand-covered staircase.
  4433 | Ossuary  | Entered an ossuary
  4468 | Ossuary  | Reached skill level 12 in Axes
  4908 | D:5      | Noticed Eustachio
  4912 | D:5      | Killed Eustachio
  5074 | D:6      | Found Toelirr's Weapon Shoppe.
  5231 | D:6      | Found a deep blue altar of Sif Muna.
  5349 | D:6      | Found Koeheut's Elemental Accessories.
  5416 | D:6      | Found an opulent altar of Gozag.
  5704 | D:6      | Reached skill level 13 in Axes
  6557 | D:7      | Reached skill level 5 in Fighting
  6584 | D:7      | Found a stormy altar of Qazlal.
  6645 | D:7      | Reached XP level 9. HP: 67/74 MP: 8/8
  6655 | D:7      | Noticed endege's ghost (novice TrFi)
  6688 | D:7      | Killed endege's ghost
  6688 | D:7      | Reached skill level 5 in Armour
  7114 | D:7      | Reached **** piety under Trog
  7250 | D:7      | Noticed Prince Ribbit
  7265 | D:7      | Killed Prince Ribbit
  7265 | D:7      | Reached skill level 14 in Axes
  8233 | D:8      | Reached XP level 10. HP: 86/86 MP: 9/9
  8509 | D:8      | Found a radiant altar of Vehumet.
  8722 | D:9      | Found a white marble altar of Elyvilon.
  8840 | D:9      | Reached ***** piety under Trog
  9120 | D:9      | Found a basalt altar of Yredelemnul.
 10100 | D:10     | Entered Level 10 of the Dungeon
 10223 | D:10     | Received a gift from Trog
 10324 | D:10     | Reached skill level 10 in Fighting
 10431 | D:10     | Reached skill level 15 in Axes
 10431 | D:10     | Reached XP level 11. HP: 62/99 MP: 10/10
 10905 | D:10     | Noticed a hill giant
 10914 | D:10     | Killed a hill giant
 11037 | D:11     | Noticed a hill giant
 11048 | D:11     | Killed a hill giant
 11225 | D:11     | Reached skill level 10 in Armour
 11271 | D:11     | Got a steaming hat
 11304 | D:11     | Found a flagged portal.
 11320 | Bailey   | Entered a bailey
 11426 | D:11     | Found Guotaoc's Weapon Boutique.
 11441 | D:11     | Found Wyutoiqosu's Distillery.
 11441 | D:11     | Found a snail-covered altar of Cheibriados.
 11453 | D:11     | Found Fusiuly's General Store.
 11479 | D:11     | Bought 2 potions of agility for 128 gold pieces
 11603 | D:11     | Found a staircase to the Orcish Mines.
 11614 | D:11     | Killed an unseen horror
 11618 | D:11     | Reached skill level 16 in Axes
 11623 | D:11     | Found a roughly hewn altar of Beogh.
 11663 | D:11     | Identified the cursed +0 hat of Ingy Bia {rF+ MR+ Int+4} (You found it on level 11 of the Dungeon)
 11675 | D:11     | Noticed a hill giant
 11681 | D:11     | Killed a hill giant
 11700 | D:11     | Noticed a hill giant
 11705 | D:11     | Killed a hill giant
 11749 | D:11     | Noticed Snorg
 11757 | D:11     | Killed Snorg
 12096 | D:11     | Found a staircase to the Lair.
 12280 | D:12     | Received a gift from Trog
 12311 | D:12     | Noticed Nico3ck's ghost (journeyman NaBe)
 12312 | D:12     | Noticed Frances
 12326 | D:12     | Killed Frances
 12326 | D:12     | Reached XP level 12. HP: 71/112 MP: 11/11
 12328 | D:12     | Killed Nico3ck's ghost
 12328 | D:12     | Reached skill level 17 in Axes
 12331 | D:12     | Found a frozen archway.
 12675 | D:12     | Noticed a centaur warrior
 12683 | D:12     | Killed a centaur warrior
 12800 | D:12     | Received a gift from Trog
 12841 | D:12     | Got a scorched executioner's axe {god gift}
 12842 | D:12     | Identified the +7 executioner's axe "Nipp" {chop, Int+2} (Trog gifted it to you on level 12 of the Dungeon)
 12970 | D:12     | Noticed a skeletal warrior
 12974 | D:12     | Noticed a skeletal warrior
 12974 | D:12     | Noticed a skeletal warrior
 12978 | D:12     | Killed a skeletal warrior
 12982 | D:12     | HP: 1/112 [skeletal warrior/broad axe (16)]
 12984 | D:12     | Slain by an unseen horror

Vault maps used:
D:1:      sevenhm_arrival_forest_fort_large_4, nrook_loot_triangle,
          kennysheep_boxes
D:3:      ecumenical_altar_2
D:4:      first_bread, serial_shops, shop, uniq_pikel
D:5:      corexii_shack_village, minmay_temple_entry_purple_smoke,
          enter_ossuary_5, kennysheep_doodads, dk_noncrumbling_4,
          kennysheep_potato, uniq_eustachio
D:6:      led_sif_pool, gup_sewer_entry_spiral, serial_shops, shop, basic_altar,
          nicolae_elemental_shop
D:7:      grunt_qazlal_clouds, grunt_ministairs_13, uniq_prince_ribbit1
D:8:      vehumet_statue
D:9:      lemuel_doored_altar, kennysheep_little_box, hangedman_fish_farm
D:11:     grunt_lair_entry_elf_guard_hut, minmay_orc_entry_temple_small,
          serial_shops, nicolae_shop_temple_entry_statues_fountains, shop, shop,
          enter_bailey_7, basic_altar, fountainhead, uniq_snorg
D:12:     portal_ice_cave_entry_imps, uniq_frances
Ossuary:  ossuary_crypta
Bailey:   bailey_polearm_1, bailey

Action                   |  1- 3 |  4- 6 |  7- 9 | 10-12 || total
-------------------------+-------+-------+-------+-------++-------
Melee: Hand axe          |    68 |    79 |   385 |   152 ||   684
       Battleaxe         |       |       |       |   227 ||   227
       Broad axe         |       |       |       |     5 ||     5
       Executioner's axe |       |       |       |     5 ||     5
Invok: Berserk           |       |     4 |     8 |     9 ||    21
       Burn Spellbooks   |       |     1 |       |     1 ||     2
       Trog's Hand       |       |       |       |     4 ||     4
       Brothers in Arms  |       |       |       |     2 ||     2
Evoke: Rod               |       |       |     4 |       ||     4
       Wand              |       |       |       |     5 ||     5
  Use: Scroll            |       |       |    11 |    10 ||    21
       Potion            |       |       |       |     2 ||     2
  Eat: Chunk             |     4 |     6 |    25 |    23 ||    58
       Beef jerky        |       |       |     1 |       ||     1
       Royal jelly       |       |       |       |     1 ||     1
       Meat ration       |       |       |       |     1 ||     1
